 Dungeon Crawl Stone Soup version 0.28-a0-622-gbaef9634d7 (webtiles) character file.

Game seed: 5992434568858956491

88 pokeman the Magician (level 4, -1/25 HPs)
             Began as a Deep Elf Hedge Wizard on Oct 8, 2021.
             Slain by an adder (2 damage)
             ... on level 3 of the Dungeon.
             The game lasted 00:04:34 (2252 turns).

pokeman the Magician (Deep Elf Hedge Wizard)        Turns: 2252, Time: 00:04:35

Health: -1/25      AC:  3    Str:  7    XL:     4   Next: 29%
Magic:  18/22      EV: 12    Int: 20    God:
Gold:   80         SH:  0    Dex: 14    Spells: 3/14 levels left

rFire   . . .      SeeInvis .   a - +0 dagger
rCold   . . .      Faith    .   (no shield)
rNeg    . . .      Spirit   .   g - +0 leather armour
rPois   .          Reflect  .   c - +0 hat
rElec   .          Harm     .   (no cloak)
rCorr   .          Rampage  .   (no gloves)
Will    .....                   (no boots)
Stlth   ++........              (no amulet)
HPRegen 0.08/turn               k - ring of magical power
MPRegen 0.18/turn               (no ring)

@: lethally poisoned (-1 -> -4)
A: no striking features
a: no special abilities


You were on level 3 of the Dungeon.
You visited 1 branch of the dungeon, and saw 3 of its levels.

You collected 80 gold pieces.

Inventory:

Hand Weapons
 a - a +0 dagger (weapon)
 n - a +2 antimagic mace
Armour
 c - a +0 hat (worn)
 g - a +0 leather armour (worn)
 l - a +0 buckler
Jewellery
 k - a ring of magical power (left hand)
Scrolls
 e - 2 scrolls of vulnerability {unknown}
 f - 2 scrolls of fog {unknown}
 m - a scroll of teleportation {unknown}
Potions
 b - a potion of cancellation {unknown}
 d - a potion of haste {unknown}
 h - a potion of heal wounds {unknown}
 i - a potion of degeneration {unknown}
 j - a potion of brilliance {unknown}


   Skills:
 - Level 1.0 Fighting
 - Level 1.0 Armour
 + Level 2.7 Dodging
 - Level 2.4 Stealth
 * Level 5.6 Spellcasting
 + Level 2.2 Conjurations
 - Level 1.1 Summonings
 - Level 1.1 Translocations
 + Level 0.6 Fire Magic


You had 3 spell levels left.
You knew the following spells:

 Your Spells              Type           Power      Damage    Failure   Level
a - Magic Dart            Conj           56%        1d5       6%          1
b - Mephitic Cloud        Conj/Pois/Air  8%         N/A       34%         3
c - Call Imp              Summ           10%        N/A       16%         2
d - Blink                 Tloc           N/A        N/A       16%         2
e - Conjure Flame         Conj/Fire      11%        6-21      26%         3

Your spell library contained the following spells:

 Spells                   Type           Power      Damage    Failure   Level
 Slow                     Hex            5%         N/A       24%         2
 Summon Lightning Spire   Summ/Air       7%         N/A       77%         4
 Airstrike                Air            2%         N/A       85%         4
 Animate Dead             Necr           2%         N/A       85%         4
 Lightning Bolt           Conj/Air       5%         1d17      95%         5
 Borgnjor's Vile Clutch   Necr/Erth      2%         N/A       99%         5
 Death Channel            Necr           2%         N/A       100%        6


Dungeon Overview and Level Annotations

Branches:
Dungeon (3/15)

Altars:
Gozag


Message History

The adder barely misses your crimson imp.
Your crimson imp misses the adder.
Unknown command.
The endoplasm quivers.
The adder misses your crimson imp.
Your crimson imp closely misses the adder.
The adder bites your crimson imp. x2; Your crimson imp misses the adder.
The endoplasm freezes you.
You are frozen.
Your crimson imp closely misses the adder.
The endoplasm hits you.
Your crimson imp barely misses the adder.
Your magical contamination has completely faded away.
The quokka barely misses your crimson imp.
The endoplasm freezes you.
You are frozen.
* * * LOW HITPOINT WARNING * * *
The adder bites you.
* * * LOW HITPOINT WARNING * * *
You are lethally poisoned!
The adder poisons you!
Your crimson imp hits the adder.
* * * LOW HITPOINT WARNING * * *
You feel sick. Something bites your crimson imp.
The endoplasm hits your crimson imp.
Your crimson imp misses the adder.
The adder misses you.
* * * LOW HITPOINT WARNING * * *
You feel sick. Something misses your crimson imp.
Your crimson imp hits the adder.
* * * LOW HITPOINT WARNING * * *
You feel sick. Something bites your crimson imp.
Something closely misses your crimson imp.
Your crimson imp blinks!
Casting: Call Imp (safe; 16% risk of failure)
Confirm with . or Enter, or press ? or * to list all spells.
A beastly little devil appears in a puff of flame.
* * * LOW HITPOINT WARNING * * *
You feel sick.
Your crimson imp disappears in a puff of smoke!
The adder bites you.
You die...

#..........# #..........#
#.......... ######
#........# #.)..#
##........## #....#
#..........# #....#
#..........#
#....######..........#####
#......JS@§...............
#.....§####5.!.........##.
#....#.r####........##..#.
#....##............####.#>
#....########.####........
#....# #... ..####..S
###### ###..... #.#.
.###..#..#. # #.... #.


You could see an adder (ally target), an endoplasm and a friendly crimson imp
(summoned).

Vanquished Creatures
  4 adders (D:2)
  3 dart slugs
  2 bats (D:1)
  3 endoplasms (D:1)
  4 giant cockroaches
  4 goblins
  4 hobgoblins
  4 jackals (D:1)
  3 kobolds
  2 quokkas (D:1)
  2 ball pythons
  A frilled lizard (D:2)
  7 rats
43 creatures vanquished.

Notes
Turn   | Place    | Note
-------+----------+-------------------------------------------
     0 | D:1      | pokeman the Deep Elf Hedge Wizard began the quest for the
                  | Orb.
     0 | D:1      | Reached XP level 1. HP: 10/10 MP: 7/7
   122 | D:1      | Reached XP level 2. HP: 12/16 MP: 2/9
   666 | D:1      | Reached skill level 5 in Spellcasting
   842 | D:1      | Reached XP level 3. HP: 12/20 MP: 3/11
   846 | D:1      | Learned a level 3 spell: Mephitic Cloud
   849 | D:1      | Learned a level 2 spell: Call Imp
   852 | D:1      | Learned a level 2 spell: Blink
   856 | D:1      | Learned a level 3 spell: Conjure Flame
  1516 | D:2      | Reached skill level 1 in Fighting
  1516 | D:2      | Reached skill level 1 in Armour
  1810 | D:2      | Found a faded altar of an unknown god.
  1952 | D:2      | Reached XP level 4. HP: 21/25 MP: 9/13
  2083 | D:2      | Found an opulent altar of Gozag.
  2252 | D:3      | HP: 1/25 [poisoned by an adder]
  2252 | D:3      | Slain by an adder

Illustrated notes

Levels and vault maps discovered:
D:1:      ncdulo_lavacross, layout_basic
D:2:      layout_basic, basic_altar, ebering_ecumenical_altar_box
D:3:      layout_rooms, portal_sewer_entry_e

Skill      XL: |  1  2  3 |
---------------+----------+-----
Spellcasting   | 5 |  5.6
Fighting       | 1 |  1.0
Armour         | 1 |  1.0
Conjurations   | 2 |  2.2
Dodging        | |  2.7
Stealth        | |  2.4
Summonings     | |  1.1
Translocations | |  1.1
Fire Magic     | |  0.6

Action                   |  1- 3 |  4- 6 || total
-------------------------+-------+-------++-------
Melee: Dagger            |    37 |     3 ||    40
 Cast: Magic Dart        |   104 |    10 ||   114
       Call Imp          |       |     2 ||     2
       Mephitic Cloud    |       |     1 ||     1
Armor: Robe              |    13 |       ||    13
       Leather armour    |     3 |       ||     3
Dodge: Dodged            |    47 |     5 ||    52

Table legend: (Time is in decaauts)
 A = Elapsed time spent in this place.
 B = Non-inter-level travel time spent in this place.
 C = Inter-level travel time spent in this place.
 D = Time resting spent in this place.
 E = Time spent auto-exploring this place.
 F = Levels seen in this place.
 G = Mean time per level.
                   A        B        C        D        E       F      G
               +--------+--------+--------+--------+--------+-----+--------+
         Total |   2251 |   2185 |     66 |    143 |   1681 |   3 |  750.3 |
       Dungeon |   2251 |   2185 |     66 |    143 |   1681 |   3 |  750.3 |
               +--------+--------+--------+--------+--------+-----+--------+

Top non-repeatable levels by time:
     D:1: 1437 daAuts
     D:2: 719 daAuts
     D:3: 95 daAuts
